 Dungeon Crawl Stone Soup version 0.30-a0-422-g946f4849ff (webtiles) character file.

Game seed: 1338229566907508421

1844 AigisTheKnight the Digger (level 9, 0/53 HPs)
             Began as a Gargoyle Earth Elementalist on Dec 9, 2022.
             Was an Initiate of the Shining One.
             Slain by an unseen horror (4 damage)
             ... on level 6 of the Dungeon.
             The game lasted 00:11:30 (4837 turns).

AigisTheKnight the Digger (GrEE)                    Turns: 4837, Time: 00:11:30

Health: 0/53       AC: 13    Str: 11    XL:     9   Next: 12%
Magic:  15/15      EV: 11    Int: 21    God:    the Shining One [......]
Gold:   280        SH:  0    Dex: 10    Spells: 10/17 levels left

rFire   + . .      SeeInvis .    g - +4 short sword
rCold   . . .      Faith    .    (no shield)
rNeg    + . .      Spirit   .    p - +1 leather armour {rF+}
rPois   ∞          Reflect  .    q - +1 helmet
rElec   +          Harm     .    (no cloak)
rCorr   .          Rampage  .    (no gloves)
Will    .....                    (no boots)
Stlth   +.........               (no amulet)
HPRegen 0.28/turn                (no ring)
MPRegen 0.14/turn                (no ring)

@: glowing
A: sickness immunity, AC +6, negative energy resistance 1, electricity
resistance, torment resistance 1, petrification resistance
a: Renounce Religion


You were on level 6 of the Dungeon.
You worshipped the Shining One.
The Shining One was noncommittal.
You visited 2 branches of the dungeon, and saw 7 of its levels.

You collected 280 gold pieces.

Inventory:

Hand Weapons
 e - a +0 spear
 g - a +4 short sword (weapon)
 t - a +4 dagger
Missiles
 k - 39 poisoned darts (quivered)
Armour
 a - a +0 robe
 p - a +1 leather armour of fire resistance (worn)
 q - a +1 helmet (worn)
Magical Staves
 h - a staff of poison
Jewellery
 r - a ring of fire
Scrolls
 d - 3 scrolls of poison {unknown}
 i - a scroll of enchant armour {unknown}
 j - 4 scrolls of teleportation {unknown}
 m - a scroll of enchant weapon {unknown}
 n - a scroll of magic mapping {unknown}
 o - a scroll of identify {unknown}
 s - 3 scrolls of blinking {unknown}
 u - a scroll of fear {unknown}
 x - a scroll of brand weapon {unknown}
Potions
 b - 3 potions of magic
 c - 2 potions of brilliance {unknown}
 f - 5 potions of invisibility {unknown}
 l - 2 potions of degeneration {unknown}
 v - a potion of heal wounds {unknown}


   Skills:
 + Level 4.9 Fighting
 + Level 1.0 Throwing
 + Level 4.9 Armour
 - Level 1.5 Dodging
 - Level 2.1 Stealth
 + Level 4.6 Spellcasting
 + Level 4.6 Conjurations
 - Level 0.7 Transmutations
 - Level 2.5 Air Magic
 + Level 6.8 Earth Magic
 + Level 3.0 Invocations


You had 10 spell levels left.
You knew the following spells:

 Your Spells              Type           Power      Damage    Failure   Level
a - Sandblast             Erth           66%        2d15      1%          1
b - Stone Arrow           Conj/Erth      56%        3d10      4%          3
c - Swiftness             Air            15%        N/A       16%         3

Your spell library contained the following spells:

 Spells                   Type           Power      Damage    Failure   Level
 Magic Dart               Conj           96%        1d7       2%          1
 Shock                    Conj/Air       76%        1d7       3%          1
 Searing Ray              Conj           48%        2d6       3%          2
 Passwall                 Tmut/Erth      16%        N/A       4%          2
 Sting                    Tmut/Pois      24%        1d4       12%         1
 Poisonous Vapours        Pois/Air       20%        N/A       13%         2
 Slow                     Hex            16%        N/A       14%         1
 Scorch                   Fire           8%         2d5       22%         2
 Petrify                  Tmut/Erth      20%        N/A       30%         4
 Confusing Touch          Hex            4%         N/A       41%         3
 Gell's Gravitas          Tloc           4%         N/A       41%         3
 Lesser Beckoning         Tloc           8%         N/A       41%         3
 Teleport Other           Tloc           4%         N/A       41%         3
 Vampiric Draining        Necr           4%         2d6       41%         3
 Airstrike                Air            7%         2d(2-18)  45%         4
 Flame Wave               Conj/Fire      14%        2d6       50%         4
 Fulminant Prism          Conj/Hex       7%         3d6       50%         4
 Olgreb's Toxic Radiance  Pois           4%         N/A       82%         4
 Summon Cactus Giant      Summ           2%         N/A       100%        6


Dungeon Overview and Level Annotations

Branches:
Dungeon (6/15)             Temple (1/1) D:4

Altars:
Ashenzari
Dithmenos
Elyvilon
Fedhas
Gozag
Okawaru
Qazlal
Ru
Trog
Uskayaw
Xom
Yredelemnul
Zin
The Shining One


Innate Abilities, Weirdness & Mutations

You are immune to sickness and miasma.
Your stone body is resilient. (AC +6)
You are immune to poison.
You resist negative energy. (rN+)
You are resistant to electric shocks. (rElec)
You are resistant to unholy torment.
You are immune to petrification.


Message History

Unknown command.
Hit: g) +4 short sword
Press: ? - help, Dir - move target Your weapon can't reach that far!
Okay, then.
Throw: 4 javelins (silver)
Press: ? - help, Q - select action, (/) - cycle Shift-Dir - straight line You throw a silver javelin.
Something hits you but does no damage. Something hits you.
* * * LOW HITPOINT WARNING * * *
Unknown command.
Unknown command.
Something hits you.
* * * LOW HITPOINT WARNING * * *
Something hits you but does no damage.
Throw: 3 javelins (silver)
Press: ? - help, Q - select action, (/) - cycle Shift-Dir - straight line You throw a silver javelin.
Something hits you but does no damage.
Unknown command.
Unknown command.
Throw: 2 javelins (silver)
Press: ? - help, Q - select action, (/) - cycle Shift-Dir - straight line You throw a silver javelin.
Something hits you but does no damage. x2
Unknown command.
Unknown command.
Throw: javelin (silver)
Press: ? - help, Q - select action, (/) - cycle Shift-Dir - straight line You throw a silver javelin.
Something hits you but does no damage. x2; Something hits you.
* * * LOW HITPOINT WARNING * * *
Something hits you but does no damage.
Unknown command.
Something hits you but does no damage. Something hits you.
* * * LOW HITPOINT WARNING * * *
Something hits you! The Shining One protects you from harm!
You hit something. Something hits you but does no damage. Something hits you.
You die...

#......#.#
#.........
######.#o. #.#..
#.... ###)# #†#
################
#.#
#(.(.......@...#
#.#
#.############.#
#†# #.# #.# #.#
#.# #.# #.# #.#
#.# #.# #.# #.#
#)# #.# #.# #.#
#.# #.# #.# #.#
#.# #)#


There were no monsters in sight!

Vanquished Creatures
  A kobold demonologist (D:5)
  A steam dragon (D:5)
  Duvessa (D:5)
  A black bear (D:5)
  2 ogres (D:4)
  4 kobold brigands (D:5)
  A bullfrog (D:6)
  2 necrophages
  2 scorpions
  Dowan (D:5)
  A howler monkey (D:5)
  2 jellies
  3 hounds
  4 iguanas
  2 gnolls (D:5)
  6 adders
  A white imp (D:5)
  3 worms
  2 dart slugs
  8 orcs
  5 ball pythons
  9 bats
  4 endoplasms
  5 giant cockroaches
  3 goblins
  5 hobgoblins
  2 jackals (D:2)
  9 kobolds
  4 quokkas
  2 frilled lizards
  9 rats
105 creatures vanquished.

Notes
Turn   | Place    | Note
-------+----------+-------------------------------------------
     0 | D:1      | AigisTheKnight the Gargoyle Earth Elementalist began the
                  | quest for the Orb.
     0 | D:1      | Reached XP level 1. HP: 10/10 MP: 3/3
   183 | D:1      | Reached XP level 2. HP: 16/16 MP: 5/5
   360 | D:1      | Found a faded altar of an unknown god.
   372 | D:1      | Reached skill level 1 in Armour
   387 | D:1      | Reached skill level 1 in Fighting
   965 | D:2      | Reached skill level 4 in Earth Magic
   965 | D:2      | Reached XP level 3. HP: 16/20 MP: 4/6
  1369 | D:2      | Reached XP level 4. HP: 23/25 MP: 7/7
  1821 | D:3      | Noticed a scorpion
  2032 | D:3      | Reached skill level 1 in Conjurations
  2114 | D:4      | Reached XP level 5. HP: 30/30 MP: 1/9
  2271 | D:4      | Noticed an ogre
  2278 | D:4      | Killed an ogre
  2279 | D:4      | Reached XP level 6. HP: 36/36 MP: 5/10
  2284 | D:4      | Reached skill level 5 in Earth Magic
  2462 | D:4      | Found a staircase to the Ecumenical Temple.
  2476 | Temple   | Entered the Ecumenical Temple
  2482 | Temple   | Became a worshipper of the Shining One
  2711 | D:4      | Reached XP level 7. HP: 41/41 MP: 7/12
  2801 | D:3      | Reached skill level 1 in Air Magic
  3224 | D:5      | Entered Level 5 of the Dungeon
  3610 | D:5      | Reached skill level 1 in Invocations
  3610 | D:5      | Reached XP level 8. HP: 47/48 MP: 3/13
  3703 | D:5      | Noticed Duvessa
  3703 | D:5      | Noticed Dowan
  3715 | D:5      | Killed Duvessa
  3729 | D:5      | Killed Dowan
  3730 | D:5      | Reached skill level 6 in Earth Magic
  3924 | D:5      | Noticed a kobold demonologist
  3936 | D:5      | Noticed a smoke demon
  3938 | D:5      | Killed a kobold demonologist
  4336 | D:5      | Learned a level 3 spell: Stone Arrow
  4340 | D:5      | Learned a level 3 spell: Swiftness
  4629 | D:5      | Reached XP level 9. HP: 42/53 MP: 11/15
  4723 | D:6      | Reached skill level 1 in Throwing
  4836 | D:6      | The Shining One protects you from harm!
  4837 | D:6      | Slain by an unseen horror

Illustrated notes

Levels and vault maps discovered:
D:1:      heliophobic_arrival_henge, layout_rooms, basic_ecumenical_altar,
          minmay_misc_feat_more_columns, minmay_fountain_box, eino_curves_02,
          grunt_decor_resistance, chequers_big_river
D:2:      layout_loops_ring
D:3:      layout_rooms, dk_noncrumbling_3, roderic_lattice_a
D:4:      layout_rooms, temple_statues, kennysheep_small_circle
D:5:      layout_basic, minmay_stone_trees_small, minmay_holes,
          kennysheep_generic_room_15, uniq_duvessa
D:6:      minmay_cornered_nines, layout_basic, nicolae_overflow_squiral,
          minmay_misc_feat_cross
Temple:   dpeg_three_leaves_temple

Skill      XL: |  1  2  3  4  5  6  7  8  9 |
---------------+----------------------------+-----
Armour         | 1 2 3 4 |  4.9
Fighting       | 1 2 3 4 |  4.9
Earth Magic    | 4 5 6 |  6.8
Conjurations   | 1 2 3 4 |  4.6
Spellcasting   | 3 4 |  4.6
Air Magic      | 1 2 |  2.5
Invocations    | 1 2 3 |  3.0
Throwing       | 1 |  1.0
Dodging        | |  1.5
Stealth        | |  2.1
Transmutations | |  0.7

Action                   |  1- 3 |  4- 6 |  7- 9 || total
-------------------------+-------+-------+-------++-------
Melee: Unarmed           |    26 |       |       ||    26
       Spear             |     6 |       |       ||     6
       Short sword       |    41 |    27 |    37 ||   105
       Punch             |     1 |       |       ||     1
Throw: Dart              |       |     9 |    16 ||    25
       Javelin           |       |       |     4 ||     4
 Cast: Sandblast         |    29 |    46 |    89 ||   164
 Stab: Sleeping          |       |     2 |       ||     2
Armor: Robe              |    21 |     1 |       ||    22
       Leather armour    |       |    13 |    90 ||   103
Dodge: Dodged            |    57 |    30 |    65 ||   152

Table legend: (Time is in decaauts)
 A = Elapsed time spent in this place.
 B = Non-inter-level travel time spent in this place.
 C = Inter-level travel time spent in this place.
 D = Time resting spent in this place.
 E = Time spent auto-exploring this place.
 F = Levels seen in this place.
 G = Mean time per level.
                   A        B        C        D        E       F      G
               +--------+--------+--------+--------+--------+-----+--------+
         Total |   4929 |   4669 |    260 |    323 |   3181 |   7 |  704.1 |
       Dungeon |   4915 |   4655 |    260 |    323 |   3181 |   6 |  819.2 |
        Temple |     13 |     13 |      0 |      0 |      0 |   1 |   13.0 |
               +--------+--------+--------+--------+--------+-----+--------+

Top non-repeatable levels by time:
     D:5: 1212 daAuts
     D:4: 1004 daAuts
     D:2: 875 daAuts
     D:1: 849 daAuts
     D:3: 804 daAuts
     D:6: 169 daAuts
  Temple: 13 daAuts
